 Dungeon Crawl Stone Soup version 0.16.1-14-g82efdee (webtiles) character file.

5731 Siriah the Destroyer (level 10, -10/59 HPs)
             Began as a Tengu Conjurer on Apr 12, 2015.
             Was a Follower of Vehumet.
             Mangled by a white ugly thing (15 damage)
             ... on level 9 of the Dungeon on Apr 13, 2015.
             The game lasted 00:49:23 (9132 turns).

Siriah the Destroyer (Tengu Conjurer)               Turns: 9132, Time: 00:49:23

Health: -10/59     AC:  5    Str:  8    XL:     10   Next: 77%
Magic:  6/25       EV: 17    Int: 19    God:    Vehumet [*.....]
Gold:   579        SH:  5    Dex: 15    Spells: 5 memorised, 8 levels left

rFire  + + .     SeeInvis .     a - +8 whip of Ravage {flame, rF+} (curse)
rCold  . . .     Clarity  .     E - +1 leather armour {rF+}
rNeg   . . .     SustAb   .     x - +0 buckler
rPois  .         Gourm    .     (helmet restricted)
rElec  .         Spirit   .     (no cloak)
rCorr  .         Warding  .     y - +0 pair of gloves (curse)
rMut   .         Stasis   .     (boots unavailable)
MR     .....                    (no amulet)
Stlth  ++........               (no ring)
                                (no ring)

@: not resistant to hostile enchantments, unstealthy
A: able to fly, beak, talons 3
a: Fly, Renounce Religion


You were on level 9 of the Dungeon.
You worshipped Vehumet.
Vehumet was aware of your devotion.
You were hungry.

You visited 2 branches of the dungeon, and saw 10 of its levels.
You also visited: Ossuary.

You collected 579 gold pieces.

Inventory:

Hand weapons
 a - the cursed +8 whip of Ravage (weapon) {flame, rF+}
   (You found it on level 6 of the Dungeon)

   It has been specially enchanted to burn those struck by it, causing extra
   injury to most foes and up to half again as much damage against particularly
   susceptible opponents.
   It protects you from fire.
   It has a curse placed upon it.
Missiles
 d - 5 tomahawks (quivered)
 A - 2 javelins
Armour
 x - a +0 buckler (worn)
 y - a cursed +0 pair of gloves (worn)
 E - a +1 leather armour of fire resistance (worn)
Jewellery
 j - an uncursed ring of teleportation
Magical devices
 F - a wand of digging (16)
 G - a wand of disintegration (13)
 J - a wand of fire (8)
Scrolls
 e - 2 scrolls of identify
 g - 2 scrolls of teleportation
 p - 2 scrolls of recharging
 s - 2 scrolls of immolation
 t - 4 scrolls of remove curse
 v - 2 scrolls of fog
 B - 2 scrolls of amnesia
 H - 3 scrolls of enchant weapon
 N - a scroll of fear
Potions
 f - a potion of heal wounds {unknown}
 l - 7 potions of curing
 m - a potion of ambrosia {unknown}
 o - 2 potions of might {unknown}
 r - 2 potions of haste
 u - 2 potions of resistance
 w - 4 potions of lignification
 z - 3 potions of poison {unknown}
 D - a potion of flight {unknown}
 I - 3 potions of cancellation {unknown}
 K - a potion of mutation {unknown}
 L - 2 potions of magic {unknown}
 M - a potion of invisibility {unknown}
Books
 c - a book of Conjurations

   Spells                             Type                      Level
   a - Magic Dart                     Conjuration                  1
   b - Searing Ray                    Conjuration                  2
   c - Dazzling Spray                 Conjuration/Hexes            3
   d - Fulminant Prism                Conjuration/Hexes            4
   e - Iskenderun's Mystic Blast      Conjuration                  4
   f - Iskenderun's Battlesphere      Conjuration/Charms           5
Miscellaneous
 C - a sack of spiders {used: 2}
Comestibles
 b - 5 bread rations
 h - 5 fruits
 i - 3 meat rations
 k - 5 beef jerkies
 n - 3 slices of pizza
 q - a royal jelly
 O - 2 chunks of flesh


   Skills:
 + Level 5.4 Fighting
 + Level 3.8 Armour
 + Level 10.4 Dodging
 - Level 2.0 Stealth
 + Level 3.1 Shields
 + Level 6.8 Spellcasting
 + Level 10.8 Conjurations
 - Level 0.1 Hexes


You had 8 spell levels left.
You knew the following spells:

 Your Spells              Type           Power        Failure   Level  Hunger
a - Magic Dart            Conj           ####         1%          1    None
b - Searing Ray           Conj           #####.       1%          2    None
c - Dazzling Spray        Conj/Hex       ####....     6%          3    ##.....
d - Iskenderun's Mystic   Conj           #####...     1%          4    ####...
e - Fulminant Prism       Conj/Hex       ####......   17%         4    ####...


Dungeon Overview and Level Annotations

Branches:
Dungeon (9/15)             Temple (1/1) D:7            Lair (0/8) D:8
    Orc: D:9-12

Altars:
Ashenzari
Cheibriados
Dithmenos
Elyvilon
Gozag
Kikubaaqudgha
Makhleb
Nemelex Xobeh
Okawaru
Qazlal
Ru
Sif Muna
Trog
Vehumet
Xom
Yredelemnul
Zin
The Shining One

Shops:
D:5 *}   D:7 %


Innate Abilities, Weirdness & Mutations

You can fly.
You have a beak for a mouth.
You have claws for feet.


Message History

The white ugly thing is moderately wounded.
The blast of energy engulfs the orc warrior.
You kill the orc warrior!
Vehumet accepts your kill.
You hear a shout!
The white ugly thing pecks you. The white ugly thing freezes you!!
Casting: Fulminant Prism
Confirm with . or Enter, or press ? or * to list all spells.
Aiming: Searing Ray
Press: ? - help, Shift-Dir - straight line, f - white ugly thing
Aim: a white ugly thing (moderately wounded)
The searing ray hits the white ugly thing.
The white ugly thing is heavily wounded.
The white ugly thing pecks you! The white ugly thing freezes you!
The searing ray hits the white ugly thing.
The white ugly thing is heavily wounded.
The white ugly thing pecks you!
* * * LOW HITPOINT WARNING * * *
The white ugly thing freezes you!
You die...

#................
..................
......##...)......#
......##.[).##....##
.............##......
..........)...))....
...........<....))...
#.#####....).....)..).
#....@u.S...)..)......
#....................<
####+###..............
#..............
#..............
#..............
..............
.....###..... .....#
#..


You could see a white ugly thing and an adder.

Vanquished Creatures
  An ugly thing (D:7)
  The ghost of hulla the Chiller, an experienced OpTm (D:6)
  Joseph (D:7)
  A troll (D:7)
  Eustachio (D:6)
  A hungry ghost (D:8)
  4 wargs (D:8)
  2 hippogriffs (D:7)
  An orc warrior (D:9)
  An ice beast (D:5)
  3 centaurs
  A necrophage (D:8)
  5 ogres
  A phantom (D:7)
  A gnoll sergeant (D:6)
  Blork the orc (D:7)
  5 giant frogs
  A scorpion (D:6)
  2 crimson imps (D:7)
  2 goliath beetles (D:7)
  A wasp zombie (D:6)
  4 hounds
  A jelly (D:7)
  4 gnoll shamans (D:5)
  6 orc priests
  4 worker ants
  2 giant frog skeletons
  Natasha (thrice) (D:3)
  An iguana (D:5)
  5 orc wizards
  A hound skeleton (D:4)
  2 mummies (Ossuary)
  45 gnolls
  10 adders
  3 shadow imps
  A worm (D:3)
  An ufetubus (D:6)
  3 adder zombies (Ossuary)
  An adder skeleton (D:9)
  2 oozes
  25 orcs
  17 bats
  A bat skeleton (D:7)
  6 giant cockroaches
  2 gnoll zombies (Ossuary)
  15 goblins
  18 hobgoblins
  20 jackals
  7 quokkas
  A ball python (D:2)
  9 giant geckos
  5 giant newts
  7 hobgoblin zombies (Ossuary)
  9 kobolds
  3 kobold zombies (Ossuary)
  3 orc zombies (Ossuary)
  A quokka zombie (D:7)
  14 rats
299 creatures vanquished.

Vanquished Creatures (collateral kills)
  A giant frog (D:6)
  A crimson imp (D:6)
  An iron imp (D:6)
  An orc wizard (D:6)
  A worker ant zombie (D:6)
  A giant mite (D:6)
  2 orcs (D:6)
  A giant cockroach (D:6)
  A quokka (D:6)
10 creatures vanquished.

Vanquished Creatures (others)
  The ghost of karlm the Conjurer, an average NaWz (Ossuary)
  A spider (D:7)
  5 fulminant prisms (D:9)
  A giant mite (D:6)
8 creatures vanquished.

Grand Total: 317 creatures vanquished

Notes
Turn   | Place    | Note
--------------------------------------------------------------
     0 | D:1      | Siriah, the Tengu Conjurer, began the quest for the Orb.
     0 | D:1      | Reached XP level 1. HP: 10/10 MP: 3/3
   153 | D:1      | Reached XP level 2. HP: 13/15 MP: 1/5
   251 | D:1      | Learned a level 2 spell: Searing Ray
   328 | D:1      | Reached skill level 6 in Conjurations
   809 | D:2      | Reached XP level 3. HP: 17/19 MP: 7/7
  1235 | D:3      | Noticed Natasha
  1244 | D:3      | Killed Natasha
  1244 | D:3      | Reached XP level 4. HP: 22/24 MP: 3/9
  1253 | D:3      | Noticed Natasha
  1261 | D:3      | Killed Natasha
  1353 | D:3      | Found a basalt altar of Yredelemnul.
  1397 | D:3      | Noticed an ogre
  1495 | D:2      | Learned a level 3 spell: Dazzling Spray
  1687 | D:3      | Reached skill level 7 in Conjurations
  1727 | D:3      | Reached XP level 5. HP: 28/28 MP: 6/13
  1739 | D:3      | Noticed Natasha
  1740 | D:3      | Killed Natasha
  2053 | D:3      | Killed an ogre
  2053 | D:3      | Reached skill level 1 in Fighting
  2239 | D:4      | Reached XP level 6. HP: 34/34 MP: 10/15
  2772 | D:4      | Found a snail-covered altar of Cheibriados.
  2980 | D:4      | Learned a level 4 spell: Iskenderun's Mystic Blast
  2981 | D:5      | Entered Level 5 of the Dungeon
  3006 | D:5      | Reached XP level 7. HP: 24/39 MP: 7/17
  3064 | D:5      | Reached skill level 5 in Dodging
  3093 | D:5      | Found Kluxaana's General Store.
  3186 | D:5      | Found Somamit's Gadget Boutique.
  3310 | D:5      | Reached skill level 8 in Conjurations
  3361 | D:5      | Reached XP level 8. HP: 43/45 MP: 13/20
  4377 | D:5      | Reached skill level 1 in Shields
  4639 | D:5      | Found a sparkling altar of Nemelex Xobeh.
  4639 | D:5      | Found an opulent altar of Gozag.
  4640 | D:5      | Found a white marble altar of Elyvilon.
  4644 | D:5      | Found an ancient bone altar of Kikubaaqudgha.
  4731 | D:6      | Noticed hulla's ghost (experienced OpTm)
  4740 | D:6      | Killed hulla's ghost
  4740 | D:6      | Reached skill level 5 in Spellcasting
  4740 | D:6      | Reached skill level 9 in Conjurations
  4740 | D:6      | Reached XP level 9. HP: 40/50 MP: 10/23
  4834 | D:6      | Noticed Eustachio
  4868 | D:6      | Killed Eustachio
  4993 | D:6      | Got an encrusted whip
  4995 | D:6      | Identified the +8 whip of Ravage {flame, rF+} (You found it on level 6 of the Dungeon)
  5102 | D:6      | Reached skill level 1 in Armour
  5701 | D:7      | Noticed a green ugly thing
  5720 | D:7      | Found Twextat's Food Boutique.
  5959 | D:7      | Found a sand-covered staircase.
  5975 | Ossuary  | Entered an ossuary
  6110 | Ossuary  | Noticed karlm's ghost (average NaWz)
  6221 | Ossuary  | Killed karlm's ghost
  6856 | D:7      | Reached XP level 10. HP: 58/58 MP: 9/24
  7017 | D:7      | Noticed Blork the orc
  7023 | D:7      | Killed Blork the orc
  7091 | D:7      | Noticed Joseph
  7111 | D:7      | Killed Joseph
  7111 | D:7      | Reached skill level 10 in Conjurations
  7376 | D:7      | Reached skill level 5 in Fighting
  7407 | D:7      | Killed a green ugly thing
  7407 | D:7      | Reached skill level 10 in Dodging
  7537 | D:7      | Found a staircase to the Ecumenical Temple.
  7545 | Temple   | Entered the Ecumenical Temple
  7603 | Temple   | Became a worshipper of Vehumet
  8048 | D:8      | Found a staircase to the Lair.
  8629 | D:8      | Acquired Vehumet's first power
  8629 | D:8      | Offered knowledge of Flame Tongue by Vehumet.
  9079 | D:8      | Learned a level 4 spell: Fulminant Prism
  9114 | D:9      | Noticed a white ugly thing
  9132 | D:9      | Mangled by a white ugly thing

Action                   |  1- 3 |  4- 6 |  7- 9 | 10-12 || total
-------------------------+-------+-------+-------+-------++-------
Melee: Unarmed           |     8 |       |       |       ||     8
       Mace              |    34 |    67 |   175 |       ||   276
       Whip              |       |       |    77 |    71 ||   148
Throw: Tomahawk          |     3 |     2 |     3 |     2 ||    10
 Cast: Magic Dart        |    36 |    32 |    75 |    44 ||   187
       Searing Ray       |     5 |    13 |    42 |    15 ||    75
       Dazzling Spray    |       |     3 |    17 |     9 ||    29
       Iskenderun's Myst |       |       |    11 |    14 ||    25
       Fulminant Prism   |       |       |       |     5 ||     5
 Abil: Fly               |       |       |     3 |       ||     3
Evoke: Sack of spiders   |       |       |     2 |       ||     2
       Wand              |       |       |     1 |     1 ||     2
  Use: Scroll            |    10 |     5 |     5 |     1 ||    21
       Potion            |       |       |       |     2 ||     2
 Stab: Sleeping          |     2 |     5 |     3 |       ||    10
       Invisible         |       |     1 |     1 |     1 ||     3
  Eat: Chunk             |     2 |     6 |    17 |     9 ||    34
